 Dungeon Crawl Stone Soup version 0.27-a0-1196-g3e9cee4cb2 (webtiles) character file.

Game seed: 185962535502823813

35 Kold the Ducker (level 3, 25/25 HPs)
             Began as a Djinni Fire Elementalist on May 28, 2021.
             Quit the game on level 2 of the Dungeon.
             The game lasted 00:01:46 (1492 turns).

Kold the Ducker (Djinni Fire Elementalist)          Turns: 1492, Time: 00:01:46

Health: 25/25      AC:  2    Str:  7    XL:     3   Next: 52%
Gold:   26         EV: 12    Int: 17    God:
                   SH:  0    Dex: 13

rFire    + + .     SeeInvis .   (no weapon)
rCold    x . .     Faith    .   (no shield)
rNeg     . . .     Spirit   .   a - +0 robe
rPois    ∞         Reflect  .   (no helmet)
rElec    .         Harm     .   (no cloak)
rCorr    .         Rampage  .   (no gloves)
Will     .....                  (boots unavailable)
Stlth    ++........             (no amulet)
HPRegen  0.08/turn              (no ring)
MPRegen  0.00/turn              (no ring)

@: flying
A: sickness immunity, fire resistance 2, cold vulnerability 1, float, innate
caster, hp casting, extra vitality 1
a: no special abilities


You were on level 2 of the Dungeon.
You visited 1 branch of the dungeon, and saw 2 of its levels.

You collected 26 gold pieces.

Inventory:

Armour
 a - a +0 robe (worn)
Scrolls
 b - 2 scrolls of identify {unknown}
 c - a scroll of teleportation {unknown}
 d - a scroll of fear {unknown}
Potions
 e - a potion of lignification {unknown}


   Skills:
 + Level 2.9 Dodging
 + Level 2.2 Stealth
 + Level 2.7 Spellcasting


You couldn't memorise any spells.
You knew the following spells:

 Your Spells              Type           Power      Damage    Failure   Level
a - Foxfire               Conj/Fire      44%        2x1d6     6%          1
b - Conjure Flame         Conj/Fire      11%        6-21      17%         3
c - Inner Flame           Hex/Fire       11%        N/A       17%         3
d - Sticky Flame          Conj/Fire      11%        2d3       50%         4
e - Fireball              Conj/Fire      5%         3d5       85%         5
f - Summon Small Mammal   Summ           44%        N/A       6%          1
Your spell library was empty.

Dungeon Overview and Level Annotations

Branches:
Dungeon (2/15)

Altars:


Innate Abilities, Weirdness & Mutations

You are immune to sickness and miasma.
You are immune to poison.
Your flesh is very heat resistant. (rF++)
You are vulnerable to cold. (rC-)
You float through the air rather than walking.
You learn spells naturally, not from books.
Your magical power is your life essence.
You have superior vitality. (+4 HP)


Message History

The adder closely misses you.
Casting: Foxfire (safe; 6% risk of failure)
Confirm with . or Enter, or press ? or * to list all spells.
You conjure some foxfire!
The adder bites you.
The foxfire hits the goblin.
The goblin is moderately wounded.
The foxfire hits the adder.
The adder is heavily wounded.
The adder bites you. x2
Casting: Foxfire (safe; 6% risk of failure)
Confirm with . or Enter, or press ? or * to list all spells.
You conjure some foxfire!
The goblin hits you with a +0 dagger. The adder barely misses you.
The foxfire hits the goblin.
The goblin is heavily wounded.
The foxfire hits the goblin.
The goblin is severely wounded.
The adder closely misses you. The goblin hits you with a +0 dagger.
Casting: Foxfire (safe; 6% risk of failure)
Confirm with . or Enter, or press ? or * to list all spells.
You conjure some foxfire!
The adder closely misses you. The goblin hits you but does no damage.
The adder bites you.
* * * LOW HITPOINT WARNING * * *
The foxfire hits the adder.
The adder is severely wounded.
The foxfire hits the goblin.
You kill the goblin!
The adder misses you.
Casting: Foxfire (safe; 6% risk of failure)
Confirm with . or Enter, or press ? or * to list all spells.
You conjure some foxfire!
* * * LOW HITPOINT WARNING * * *
The adder barely misses you.
The foxfire hits the adder.
The adder is almost dead.
The foxfire hits the adder.
You kill the adder!
HP restored.
Things that are here:
a +0 dagger; a goblin skeleton Are you sure you want to abandon this character and quit the game? (Confirm with "yes".)

.###########
..........#
#.........#
#.........#
#.........#
#.........#
#.........#
#....@....#
#....÷<...#
#.....÷...#
#####.#####
..# #.## #.
#. #.


There were no monsters in sight!

Vanquished Creatures
  An adder (D:2)
  A dart slug (D:1)
  An endoplasm (D:1)
  3 goblins
  A hobgoblin (D:1)
  4 jackals (D:1)
  A kobold (D:1)
  3 ball pythons (D:1)
  5 bats
  A frilled lizard (D:2)
  2 rats (D:1)
23 creatures vanquished.

Vanquished Creatures (others)
  57 foxfires
57 creatures vanquished.

Grand Total: 80 creatures vanquished

Notes
Turn   | Place    | Note
-------+----------+-------------------------------------------
     0 | D:1      | Kold the Djinni Fire Elementalist began the quest for the
                  | Orb.
     0 | D:1      | Reached XP level 1. HP: 15/15 MP: 0/0
   287 | D:1      | Reached XP level 2. HP: 18/21 MP: 0/0
   382 | D:1      | Found a faded altar of an unknown god.
  1070 | D:1      | Reached XP level 3. HP: 24/25 MP: 0/0
  1070 | D:1      | Learned a level 1 spell: Summon Small Mammal
  1492 | D:2      | Quit the game

Illustrated notes

Levels and vault maps discovered:
D:1:      lemuel_arrival_lava_pool, layout_basic,
          hellmonk_ecumenical_altar_dog_temple, minmay_misc_feat_tower
D:2:      layout_loops_cross, kennysheep_generic_room_16

Skill      XL: |  1  2 |
---------------+-------+-----
Stealth        | 2 |  2.2
Dodging        | |  2.9
Spellcasting   | |  2.7

Action                   || total
-------------------------++-------
Melee: Unarmed           ||     4
 Cast: Foxfire           ||    39
Armor: Robe              ||     5
Dodge: Dodged            ||    19

Table legend: (Time is in decaauts)
 A = Elapsed time spent in this place.
 B = Non-inter-level travel time spent in this place.
 C = Inter-level travel time spent in this place.
 D = Time resting spent in this place.
 E = Time spent auto-exploring this place.
 F = Levels seen in this place.
 G = Mean time per level.
                   A        B        C        D        E       F      G
               +--------+--------+--------+--------+--------+-----+--------+
         Total |   1491 |   1479 |     12 |    200 |   1149 |   2 |  745.5 |
       Dungeon |   1491 |   1479 |     12 |    200 |   1149 |   2 |  745.5 |
               +--------+--------+--------+--------+--------+-----+--------+

Top non-repeatable levels by time:
     D:1: 1240 daAuts
     D:2: 251 daAuts
